AoeStats
← Babayaga (/=\)

Arabia

510145085Analyzed
1v1 RM · 2d ago on Sep 29, 2026· 26m 10s· 2 players
Game mode
Random Map
Map size
Tiny (2 player)
Population
200
Speed
Normal
Resources
Standard
Victory
Conquest
Starting age
Dark Age
Ending age
Imperial Age
RankedLock teamsTeams togetherTeam positionsShared explorationLock speedFull tech treeHidden civsTurbo modeCheats
Victory
Defeat
🇸🇪 Burgundians · Sweden
602
+16
🇨🇿 Burgundians · Czechia
604
-16
Babayaga (/=\)
12:28 Feudal Age
10:45 Loom
18:17 Castle Age
16:47 Forging
17:27 Scale Barding Armor
17:26 Horse Collar
18:19 Cavalier
20:45 Double-Bit Axe
22:19 Husbandry
24:30 Chain Barding Armor
Azggy
1:12 Loom
10:30 Feudal Age
11:29 Double-Bit Axe
18:32 Scale Barding Armor
18:39 Forging
23:18 Castle Age
21:21 Gold Mining
22:42 Scale Mail Armor
23:20 Pikeman
Connection lost

Rejoining the realm…

Still unreachable

The connection could not be restored.

Session expired

The server has moved on; the page needs a fresh start.